 Dungeon Crawl Stone Soup version 0.30-a0-1103-g25895a7845 (webtiles) character file.

Game seed: 4049527403726850609

103 NinjaNoafa the Conjurer (level 4, -2/30 HPs)
             Began as a Demonspawn Fire Elementalist on Apr 18, 2023.
             Slain by a sleepcap (19 damage)
             ... on level 3 of the Dungeon.
             The game lasted 00:09:37 (1782 turns).

NinjaNoafa the Conjurer (DsFE)                      Turns: 1782, Time: 00:09:38

Health: -2/30      AC:  2    Str:  9    XL:     4   Next: 51%
Magic:  8/16       EV:  2    Int: 18    God:
Gold:   181        SH:  0    Dex: 13    Spells: 4/7 levels left

rFire   . . .      SeeInvis .    n - +4 whip (freeze)
rCold   + . .      Faith    .    (no shield)
rNeg    . . .      Spirit   .    e - +0 robe
rPois   .          Reflect  .    (no helmet)
rElec   .          Rampage  .    (no cloak)
rCorr   .                        (no gloves)
Will    .....                    (no boots)
Stlth   ++                       (no amulet)
HPRegen 0.25/turn                h - ring of magical power
MPRegen 0.15/turn                t - ring of protection from cold

@: sleeping
A: demonic guardian 2
a: no special abilities


You were on level 3 of the Dungeon.
You visited 1 branch of the dungeon, and saw 4 of its levels.

You collected 181 gold pieces.

Inventory:

Hand Weapons
 n - a +4 whip of freezing (weapon)
Missiles
 d - 4 curare-tipped darts
 s - 3 poisoned darts
Armour
 e - a +0 robe (worn)
Jewellery
 h - a ring of magical power (left hand)
 t - a ring of protection from cold (right hand)
Wands
 m - a wand of paralysis (13)
 r - a wand of acid (2)
Scrolls
 a - a scroll of silence {unknown}
 c - 7 scrolls of identify {unknown}
 g - a scroll of enchant weapon {unknown}
 i - 5 scrolls of teleportation {unknown}
 l - a scroll of fear {unknown}
Potions
 b - a potion of magic
 f - 3 potions of might {unknown}
 j - a potion of flight {unknown}
 k - a potion of cancellation {unknown}
 o - a potion of degeneration {unknown}
 p - a potion of lignification {unknown}
 q - a potion of heal wounds {unknown}
 u - a potion of curing {unknown}


   Skills:
 - Level 1.7 Dodging
 - Level 1.7 Stealth
 + Level 2.4 Spellcasting
 + Level 3.3 Conjurations
 + Level 1.0 Translocations
 + Level 3.2 Fire Magic


You had 4 spell levels left.
You knew the following spells:

 Your Spells              Type           Power      Damage    Failure   Level
a - Foxfire               Conj/Fire      56%        2x1d6     4%          1
b - Scorch                Fire           26%        2d6       7%          2

Your spell library contained the following spells:

 Spells                   Type           Power      Damage    Failure   Level
 Momentum Strike          Conj/Tloc      18%        3d8       11%         2
 Blink                    Tloc           10%        N/A       17%         2
 Lesser Beckoning         Tloc           10%        N/A       17%         2
 Volatile Blastmotes      Fire/Tloc      18%        2d11      22%         3
 Inner Flame              Hex/Fire       8%         N/A       26%         3
 Flame Wave               Conj/Fire      14%        2d6       41%         4


Dungeon Overview and Level Annotations

Branches:
Dungeon (4/15)
 Temple: D:4-7

Altars:

Shops:
D:3 (


Innate Abilities, Weirdness & Mutations

A demonic guardian rushes to your aid.


Message History

An orc priest comes into view. It is wielding a +0 trident.
The orc wizard casts a spell.
The orc wizard flickers and vanishes!
Deactivating autopickup; reactivate with Ctrl-A.
The sleepcap closely misses you.
You climb upwards.
Reactivating autopickup.
There is a stone staircase leading down here.
Casting: Foxfire (safe; 4% risk of failure)
Confirm with . or Enter, or press ? or * to list all spells.
Flames lash the sleepcap.
The sleepcap is burned terribly!
The sleepcap is heavily damaged.
The sleepcap misses you.
Casting: Scorch (safe; 7% risk of failure)
Confirm with . or Enter, or press ? or * to list all spells.
Flames lash the sleepcap but do no damage.
The sleepcap closely misses you.
Unknown command.
Casting: Foxfire (safe; 4% risk of failure)
Press: ? - help, Q - select action, (/) - cycle Dir - look around, f - activate You conjure some foxfire!
The sleepcap closely misses you.
The foxfire hits the sleepcap.
The sleepcap is burned terribly!
The sleepcap is severely damaged.
The foxfire hits the sleepcap.
The sleepcap is almost destroyed.
Casting: Foxfire (safe; 4% risk of failure)
Press: ? - help, Q - select action, (/) - cycle Dir - look around, f - activate You conjure some foxfire!
The sleepcap releases spores at you.
A demonic guardian appears!
You are engulfed in a cloud of soporific spores!
You fall asleep.
The sleepcap is no longer more vulnerable to fire.
The foxfire hits the sleepcap but does no damage.
The sleepcap is almost destroyed.
The foxfire hits the sleepcap.
The sleepcap is almost destroyed.
The sleepcap releases spores at you!!
Ouch! That really hurt!
You die...

.................................
...###...........................
#### #.##.....>..................
######.##........)...............
.....#.#.....÷..............#..#.
..............)....#.....##......
.................÷........####.#.
..†...........4§.....)...<# #.#.
.......#.......§@f......).## #...
.................###.#.....# ###.
.......###......####.##.##.######
..<...## ##.............##...#.[.
.....## ##.....................
#....# #...................##
#.#### ###..............#....##
..# ####.......................
.## ###....#..............#.#....


You could see a sleepcap (ally target) and a friendly orange demon (summoned).

Vanquished Creatures
  3 gnolls (D:3)
  2 adders (D:2)
  3 dart slugs
  3 endoplasms
  3 giant cockroaches
  4 goblins
  4 hobgoblins
  3 quokkas
  2 ball pythons
  7 bats
  6 frilled lizards
  7 kobolds
  3 rats
50 creatures vanquished.

Vanquished Creatures (collateral kills)
  An endoplasm (D:1)
  A kobold (D:1)
2 creatures vanquished.

Vanquished Creatures (others)
  131 foxfires
131 creatures vanquished.

Grand Total: 183 creatures vanquished

Notes
Turn   | Place    | Note
-------+----------+-------------------------------------------
     0 | D:1      | NinjaNoafa the Demonspawn Fire Elementalist began the quest
                  | for the Orb.
     0 | D:1      | Reached XP level 1. HP: 13/13 MP: 3/3
   203 | D:1      | Gained mutation: A weak demonic guardian rushes to your
                  | aid. [demonic ancestry]
   203 | D:1      | Reached XP level 2. HP: 18/19 MP: 0/5
   551 | D:2      | Reached XP level 3. HP: 24/24 MP: 6/6
   555 | D:2      | Learned a level 2 spell: Scorch
  1237 | D:2      | Found a faded altar of an unknown god.
  1337 | D:3      | Gained mutation: A demonic guardian rushes to your aid.
                  | [demonic ancestry]
  1337 | D:3      | Reached XP level 4. HP: 30/30 MP: 7/7
  1460 | D:3      | Reached skill level 1 in Translocations
  1603 | D:3      | Found Ogeth's Antique Weapon Shoppe.
  1772 | D:4      | Noticed an ogre
  1782 | D:3      | Slain by a sleepcap

Illustrated notes

Levels and vault maps discovered:
D:1:      dpeg_arrival_stone_temple_mockup, layout_rooms
D:2:      layout_loops_ring, shapermc_ecumenical_altar_mp_highgroup,
          kennysheep_generic_room_16
D:3:      layout_rooms, serial_shops, nicolae_shop_stone
D:4:      layout_rooms, nicolae_tso_carved_into_rock,
          hangedman_abyss_or_decor_stagger

Skill      XL: |  1  2  3  4 |
---------------+-------------+-----
Fire Magic     | 3 |  3.2
Conjurations   | 2 3 |  3.3
Translocations | 1 |  1.0
Dodging        | |  1.7
Stealth        | |  1.7
Spellcasting   | |  2.4

Action                     |  1- 3 |  4- 6 || total
---------------------------+-------+-------++-------
  Melee: Unarmed           |    29 |       ||    29
         Short sword       |     4 |       ||     4
         Whip              |       |     2 ||     2
   Cast: Foxfire           |    53 |    23 ||    76
         Scorch            |     1 |     4 ||     5
 Armour: Robe              |    13 |     4 ||    17
  Dodge: Dodged            |    50 |     7 ||    57

Table legend: (Time is in decaauts)
 A = Elapsed time spent in this place.
 B = Non-inter-level travel time spent in this place.
 C = Inter-level travel time spent in this place.
 D = Time resting spent in this place.
 E = Time spent auto-exploring this place.
 F = Levels seen in this place.
 G = Mean time per level.
                   A        B        C        D        E       F      G
               +--------+--------+--------+--------+--------+-----+--------+
         Total |   1779 |   1713 |     66 |     28 |   1319 |   4 |  444.8 |
       Dungeon |   1779 |   1713 |     66 |     28 |   1319 |   4 |  444.8 |
               +--------+--------+--------+--------+--------+-----+--------+

Top non-repeatable levels by time:
     D:2: 797 daAuts
     D:1: 521 daAuts
     D:3: 457 daAuts
     D:4: 4 daAuts
